 Dungeon Crawl Stone Soup version 0.28-a0-612-gcfc00ec14d (webtiles) character file.

Game seed: 6062305451626692230

1164 Woods the Purveyor of Pain (level 8, -1/58 HPs)
             Began as a Gnoll Necromancer on Oct 6, 2021.
             Was an Initiate of Kikubaaqudgha.
             Slain by a centaur zombie (3 damage)
             ... in an ossuary.
             The game lasted 00:11:54 (5988 turns).

Woods the Purveyor of Pain (Gnoll Necromancer)      Turns: 5988, Time: 00:11:55

Health: -1/58      AC:  4    Str:  7    XL:     8   Next: 40%
Magic:  14/24      EV: 14    Int: 17    God:    Kikubaaqudgha [......]
Gold:   237        SH:  5    Dex: 13    Spells: 9/19 levels left

rFire   . . .      SeeInvis .   f - +0 mace
rCold   + . .      Faith    .   (no shield)
rNeg    . . .      Spirit   .   a - +0 robe
rPois   .          Reflect  +   (no helmet)
rElec   .          Harm     .   y - +0 cloak
rCorr   .          Rampage  .   (no gloves)
Will    +....                   u - +0 pair of boots
Stlth   +++.......              z - amulet of reflection
HPRegen 0.19/turn               b - ring of magical power
MPRegen 0.19/turn               (no ring)

@: brilliant, marked, on berserk cooldown, attractive, slowed, very slow
A: fangs 1, strong nose, distributed training, cold resistance 1, low mp 1,
strong-willed 1, screaming 1
a: Renounce Religion


You were in an ossuary.
You worshipped Kikubaaqudgha.
Kikubaaqudgha was noncommittal.
You visited 2 branches of the dungeon, and saw 7 of its levels.
You also visited: Ossuary.

You collected 279 gold pieces.
You spent 42 gold pieces at shops.

Inventory:

Hand Weapons
 f - a +0 mace (weapon)
Missiles
 A - a throwing net
Armour
 a - a +0 robe (worn)
 u - a +0 pair of boots (worn)
 y - a +0 cloak (worn)
Jewellery
 b - a ring of magical power (left hand)
 z - an amulet of reflection (around neck)
Wands
 p - a wand of flame (34)
 B - a wand of charming (6)
Scrolls
 d - a scroll of amnesia {unknown}
 g - a scroll of noise {unknown}
 j - a scroll of vulnerability {unknown}
 l - a scroll of blinking {unknown}
 o - 4 scrolls of identify
 q - a scroll of enchant armour {unknown}
 s - a scroll of fear {unknown}
 t - a scroll of teleportation {unknown}
 v - a scroll of fog {unknown}
 w - a scroll of torment {unknown}
Potions
 e - a potion of magic {unknown}
 h - a potion of brilliance
 i - a potion of might {unknown}
 k - a potion of mutation
 m - 3 potions of berserk rage
 r - a potion of lignification {unknown}
 x - a potion of invisibility {unknown}
 C - a potion of flight {unknown}


   Skills:
 + Level 3.2 Fighting
 + Level 3.2 Short Blades
 + Level 3.2 Long Blades
 + Level 3.2 Axes
 + Level 3.2 Maces & Flails
 + Level 3.2 Polearms
 + Level 3.2 Staves
 + Level 3.2 Slings
 + Level 3.2 Bows
 + Level 3.2 Crossbows
 + Level 3.2 Throwing
 + Level 3.2 Armour
 + Level 5.6 Dodging
 + Level 5.3 Stealth
 + Level 3.2 Shields
 + Level 3.2 Unarmed Combat
 + Level 6.0 Spellcasting
 + Level 2.6 Conjurations
 + Level 2.6 Hexes
 + Level 2.6 Summonings
 + Level 7.6 Necromancy
 + Level 2.6 Translocations
 + Level 2.6 Transmutations
 + Level 2.6 Fire Magic
 + Level 2.6 Ice Magic
 + Level 2.6 Air Magic
 + Level 2.6 Earth Magic
 + Level 2.6 Poison Magic
 + Level 3.5 Invocations
 + Level 3.2 Evocations


You had 9 spell levels left.
You knew the following spells:

 Your Spells              Type           Power      Damage    Failure   Level
a - Pain                  Necr           100%       1d9       1%          1
b - Animate Skeleton      Necr           92%        N/A       1%          1
c - Vampiric Draining     Necr           23%        2d9       1%          3
d - Animate Dead          Necr           23%        N/A       5%          4
e - Foxfire               Conj/Fire      84%        2x1d8     4%          1

Your spell library contained the following spells:

 Spells                   Type           Power      Damage    Failure   Level
 Conjure Flame            Conj/Fire      21%        6-21      13%         3
 Inner Flame              Hex/Fire       21%        N/A       13%         3
 Agony                    Necr           46%        N/A       16%         5
 Flame Wave               Conj/Fire      21%        3d6       41%         4
 Fulminant Prism          Conj/Hex       10%        3d9       41%         4
 Iskenderun's Mystic Bla  Conj/Tloc      21%        2d6       41%         4
 Lee's Rapid Deconstruct  Erth           10%        3d9*      77%         5


Dungeon Overview and Level Annotations

Branches:
Dungeon (6/15)             Temple (1/1) D:4         Ossuary (1/1)

Altars:
Ashenzari
Cheibriados
Dithmenos
Elyvilon
Fedhas
Gozag
Hepliaklqana
Kikubaaqudgha
Makhleb
Nemelex Xobeh
Okawaru
Qazlal
Ru
Trog
Uskayaw
Vehumet
Wu Jian
Xom
Yredelemnul
Zin
The Shining One

Shops:
D:2 =!

Annotations:
D:2 Sigmund
D:6 1 runed translucent door


Innate Abilities, Weirdness & Mutations

You have very sharp teeth.
Your uncanny sense of smell can sniff out nearby items.
Your experience applies equally to all skills.
Your flesh is cold resistant. (rC+)
Your magical capacity is low. (-10% MP)
You are strong-willed. (Will+)
You occasionally shout uncontrollably at your foes.


Message History

You are no longer berserk.
You are exhausted.
You feel yourself slow down.
The centaur zombie barely misses you. x2
The centaur zombie hits you but does no damage.
The centaur zombie kicks you but does no damage.
It was a potion of mutation.
You feel extremely strange.
You feel less energetic.
You feel resistant to cold.
You feel the urge to shout.
You feel strong-willed.
The centaur zombie hits you but does no damage.
The centaur zombie kicks you but does no damage.
The centaur zombie closely misses you. You block the centaur zombie's attack.
The centaur zombie hits you but does no damage.
The centaur zombie kicks you.
* * * LOW HITPOINT WARNING * * *
The centaur zombie completely misses you.
The centaur zombie misses you.
It was a potion of brilliance.
You feel clever all of a sudden. The centaur zombie misses you.
The centaur zombie barely misses you. You block the centaur zombie's attack.
The centaur zombie closely misses you. x2
The centaur zombie kicks you but does no damage.
The centaur zombie hits you but does no damage.
The centaur zombie closely misses you.
It was a potion of attraction.
You feel attractive to monsters. The centaur zombie misses you.
The centaur zombie kicks you but does no damage.
The centaur zombie hits you but does no damage.
The centaur zombie kicks you but does no damage.
The centaur zombie closely misses you.
The centaur zombie kicks you but does no damage.
The centaur zombie closely misses you.
The centaur zombie kicks you but does no damage.
The mummy is attracted toward you.
Aiming: Charm
Press: ? - help, Shift-Dir - straight line, f - centaur zombie
Aim: a centaur zombie (severely damaged, chance to affect: 68%)
The centaur zombie is charmed.
The centaur zombie hits you.
You die...
Kikubaaqudgha rasps: "You have failed me!
Welcome... death!"

#
#.###########
^..^........##
..^..........#
^^...∩.∩MZ@..#
.......§MZ...#
^...........##
#.###########
#


You could see 2 mummies, a centaur zombie and a friendly centaur zombie
(charmed).

Vanquished Creatures
  Prince Ribbit (D:5)
  A steam dragon (D:3)
  An ice beast (D:5)
  3 scorpions
  A howler monkey (D:4)
  3 centaur zombies (Ossuary)
  A jelly (D:5)
  A hound (D:5)
  Jessica (D:3)
  A gnoll shaman (D:5)
  Natasha (thrice) (D:4)
  2 iguanas (D:5)
  A hound zombie (D:5)
  3 mummies (Ossuary)
  7 gnolls
  4 adders
  6 orcs
  4 bats
  9 endoplasms
  5 giant cockroaches
  6 goblins
  5 hobgoblins
  3 jackals (D:1)
  A quokka (D:1)
  4 ball pythons
  A frilled lizard (D:2)
  4 hobgoblin zombies (Ossuary)
  A jackal skeleton (D:4)
  5 kobolds
  4 rats
92 creatures vanquished.

Vanquished Creatures (others)
  37 foxfires (Ossuary)
  6 plants (D:2)
43 creatures vanquished.

Grand Total: 135 creatures vanquished

Notes
Turn   | Place    | Note
-------+----------+-------------------------------------------
     0 | D:1      | Woods the Gnoll Necromancer began the quest for the Orb.
     0 | D:1      | Reached XP level 1. HP: 13/13 MP: 6/6
    27 | D:1      | Reached XP level 2. HP: 8/19 MP: 0/7
   986 | D:2      | Reached skill level 5 in Spellcasting
   986 | D:2      | Reached XP level 3. HP: 23/25 MP: 9/9
  1314 | D:2      | Reached skill level 1 in Invocations
  1317 | D:2      | Learned a level 1 spell: Animate Skeleton
  1321 | D:2      | Learned a level 3 spell: Vampiric Draining
  1436 | D:2      | Found a hazy altar of Hepliaklqana.
  1635 | D:2      | Reached skill level 1 in Fighting
  1635 | D:2      | Reached skill level 1 in Short Blades
  1635 | D:2      | Reached skill level 1 in Long Blades
  1635 | D:2      | Reached skill level 1 in Axes
  1635 | D:2      | Reached skill level 1 in Maces & Flails
  1635 | D:2      | Reached skill level 1 in Polearms
  1635 | D:2      | Reached skill level 1 in Staves
  1635 | D:2      | Reached skill level 1 in Slings
  1635 | D:2      | Reached skill level 1 in Bows
  1635 | D:2      | Reached skill level 1 in Crossbows
  1635 | D:2      | Reached skill level 1 in Throwing
  1635 | D:2      | Reached skill level 1 in Armour
  1635 | D:2      | Reached skill level 1 in Shields
  1635 | D:2      | Reached skill level 1 in Unarmed Combat
  1635 | D:2      | Reached skill level 1 in Evocations
  1635 | D:2      | Reached XP level 4. HP: 1/32 MP: 11/11
  1975 | D:2      | Found a faded altar of an unknown god.
  2089 | D:2      | Found Jiulal's Distillery.
  2099 | D:2      | Bought a potion of curing for 42 gold pieces
  2137 | D:2      | Noticed Sigmund
  2237 | D:2      | Found Parch's Jewellery Emporium.
  2479 | D:2      | Reached skill level 1 in Conjurations
  2479 | D:2      | Reached skill level 1 in Hexes
  2479 | D:2      | Reached skill level 1 in Summonings
  2479 | D:2      | Reached skill level 1 in Translocations
  2479 | D:2      | Reached skill level 1 in Transmutations
  2479 | D:2      | Reached skill level 1 in Fire Magic
  2479 | D:2      | Reached skill level 1 in Ice Magic
  2479 | D:2      | Reached skill level 1 in Air Magic
  2479 | D:2      | Reached skill level 1 in Earth Magic
  2479 | D:2      | Reached skill level 1 in Poison Magic
  2725 | D:3      | Noticed a steam dragon
  2970 | D:3      | Noticed Jessica
  2974 | D:3      | Killed Jessica
  2975 | D:3      | Reached XP level 5. HP: 37/37 MP: 12/12
  3053 | D:3      | Killed a steam dragon
  3054 | D:3      | Reached XP level 6. HP: 6/44 MP: 7/13
  3669 | D:4      | Reached skill level 5 in Dodging
  3775 | D:4      | Noticed Natasha
  3807 | D:4      | Killed Natasha
  4136 | D:4      | Found a staircase to the Ecumenical Temple.
  4183 | D:4      | Noticed Natasha
  4198 | D:4      | Killed Natasha
  4246 | D:4      | Reached XP level 7. HP: 34/50 MP: 12/15
  4489 | D:4      | Noticed Natasha
  4519 | D:4      | Killed Natasha
  4724 | D:5      | Entered Level 5 of the Dungeon
  4895 | Temple   | Entered the Ecumenical Temple
  5083 | Temple   | Became a worshipper of Kikubaaqudgha
  5124 | D:5      | Reached skill level 5 in Stealth
  5169 | D:5      | Learned a level 4 spell: Animate Dead
  5557 | D:5      | Reached XP level 8. HP: 56/57 MP: 16/16
  5591 | D:5      | Noticed Prince Ribbit
  5755 | D:5      | Killed Prince Ribbit
  5921 | D:6      | Found a runed translucent gate.
  5934 | D:6      | Found a sand-covered staircase.
  5939 | D:6      | Learned a level 1 spell: Foxfire
  5940 | Ossuary  | Entered an ossuary
  5981 | Ossuary  | HP: 4/87 [centaur zombie (4)]
  5985 | Ossuary  | Gained mutation: Your magical capacity is low. (-10% MP)
                  | [potion of mutation]
  5985 | Ossuary  | Gained mutation: Your flesh is cold resistant. (rC+)
                  | [potion of mutation]
  5985 | Ossuary  | Gained mutation: You occasionally shout uncontrollably at
                  | your foes. [potion of mutation]
  5985 | Ossuary  | Gained mutation: You are strong-willed. (Will+) [potion of
                  | mutation]
  5985 | Ossuary  | HP: 1/58 [centaur zombie (1)]
  5988 | Ossuary  | Slain by a centaur zombie

Illustrated notes

Levels and vault maps discovered:
D:1:      minmay_arrival_plants_in_alcoves, layout_rooms
D:2:      layout_loops_corners, basic_altar, serial_shops, shop,
          nicolae_shop_statue_plus, serial_forest, infiniplex_forest_straight_3,
          infiniplex_forest_clump_diagonal, infiniplex_forest_lined_2,
          infiniplex_forest_end_2, infiniplex_forest_straight_2,
          infiniplex_forest_lined_corner,
          shapermc_ecumenical_altar_totnotflames, uniq_sigmund
D:3:      layout_basic, uniq_jessica
D:4:      layout_basic, minmay_temple_entry_from_below_a, uniq_natasha
D:5:      layout_cave_pools, uniq_prince_ribbit1
D:6:      gammafunk_ghost_cemetery, layout_basic, enter_ossuary_5, minmay_holes,
          uniq_maggie
Temple:   minmay_crystal_snake_temple
Ossuary:  ossuary_the_hunt_dpeg

Skill      XL: |  1  2  3  4  5  6  7  8 |
---------------+-------------------------+-----
Spellcasting   | 5 6 |  6.0
Invocations    | 1 2 3 |  3.5
Fighting       | 1 2 3 |  3.2
Short Blades   | 1 2 3 |  3.2
Long Blades    | 1 2 3 |  3.2
Axes           | 1 2 3 |  3.2
Maces & Flails | 1 2 3 |  3.2
Polearms       | 1 2 3 |  3.2
Staves         | 1 2 3 |  3.2
Slings         | 1 2 3 |  3.2
Bows           | 1 2 3 |  3.2
Crossbows      | 1 2 3 |  3.2
Throwing       | 1 2 3 |  3.2
Armour         | 1 2 3 |  3.2
Shields        | 1 2 3 |  3.2
Unarmed Combat | 1 2 3 |  3.2
Evocations     | 1 2 3 |  3.2
Conjurations   | 1 2 |  2.6
Hexes          | 1 2 |  2.6
Summonings     | 1 2 |  2.6
Translocations | 1 2 |  2.6
Transmutations | 1 2 |  2.6
Fire Magic     | 1 2 |  2.6
Ice Magic      | 1 2 |  2.6
Air Magic      | 1 2 |  2.6
Earth Magic    | 1 2 |  2.6
Poison Magic   | 1 2 |  2.6
Dodging        | 5 |  5.6
Stealth        | 5 |  5.3
Necromancy     | |  7.6

Action                   |  1- 3 |  4- 6 |  7- 9 || total
-------------------------+-------+-------+-------++-------
Melee: Unarmed           |     3 |       |       ||     3
       Mace              |    19 |     6 |    26 ||    51
       Bite              |     2 |     1 |     4 ||     7
 Cast: Pain              |    43 |    55 |    36 ||   134
       Vampiric Draining |       |    22 |    17 ||    39
       Animate Dead      |       |       |     1 ||     1
       Foxfire           |       |       |    20 ||    20
Evoke: Wand              |       |       |     1 ||     1
  Use: Potion            |       |       |     5 ||     5
       Scroll            |       |       |     1 ||     1
Armor: Robe              |     5 |     2 |    90 ||    97
Dodge: Dodged            |    18 |    16 |   143 ||   177
Block: Other             |       |       |    48 ||    48

Table legend: (Time is in decaauts)
 A = Elapsed time spent in this place.
 B = Non-inter-level travel time spent in this place.
 C = Inter-level travel time spent in this place.
 D = Time resting spent in this place.
 E = Time spent auto-exploring this place.
 F = Levels seen in this place.
 G = Mean time per level.
                   A        B        C        D        E       F      G
               +--------+--------+--------+--------+--------+-----+--------+
         Total |   6015 |   5864 |    151 |    923 |   3949 |   8 |  751.9 |
       Dungeon |   5748 |   5655 |     93 |    923 |   3813 |   6 |  958.0 |
        Temple |    219 |    161 |     58 |      0 |    136 |   1 |  219.0 |
       Ossuary |     47 |     47 |      0 |      0 |      0 |   1 |   47.0 |
               +--------+--------+--------+--------+--------+-----+--------+

Top non-repeatable levels by time:
     D:2: 1626 daAuts
     D:4: 1108 daAuts
     D:3: 1055 daAuts
     D:1: 976 daAuts
     D:5: 961 daAuts
  Temple: 219 daAuts
 Ossuary: 47 daAuts
     D:6: 20 daAuts
